 Dungeon Sprint DCSS version 0.27.1 (webtiles) character file.

Game seed: 7587263655565885790

5086 styxcanada the Imperceptible (level 10, -2/79 HPs)
             Began as a Spriggan Brigand on Aug 22, 2021.
             Was an Initiate of Gozag.
             Slain by a spriggan rider (18 damage)
             ... in the Dungeon (Sprint IV: "Fedhas' Mad Dash").
             The game lasted 00:09:46 (1363 turns).

styxcanada the Imperceptible (Spriggan Brigand)     Turns: 1363, Time: 00:09:47

Health: -2/79      AC:  3    Str:  7    XL:     10   Next: 31%
Magic:  22/22      EV: 26    Int: 19    God:    Gozag
Gold:   2018       SH:  0    Dex: 22    Spells: 19/24 levels left

rFire    . . .     SeeInvis +   p - +4 rapier of Deflation {venom, Int+5 Dex+3}
rCold    . . .     Faith    .   (shield restricted)
rNeg     . . .     Spirit   .   b - +0 robe
rPois    .         Reflect  .   (helmet restricted)
rElec    .         Harm     .   c - +0 cloak
rCorr    .         Rampage  .   (gloves unavailable)
Will     +....     NoTele   +   (boots unavailable)
Stlth    ..........             l - amulet of invisibility {+Inv}
HPRegen  0.23/turn              (no ring)
MPRegen  0.18/turn              (no ring)

@: berserking (expiring), gold aura, very slightly contaminated, invisible, very
quick
A: very small, no large weapons, unfitting armour, see invisible, speed 3
a: Renounce Religion, Evoke Invisibility, Potion Petition, Call Merchant, Bribe
Branch


You were in the Dungeon.
You worshipped Gozag.
Gozag was most pleased with you.
You visited 1 branch You collected 3082 gold pieces.
You spent 1064 gold pieces at shops.

Inventory:

Hand Weapons
 a - a +2 dagger
 n - the +10 hand crossbow of the Shallot {vorpal, rPois}
   (You found it in the Dungeon)

   Any ammunition fired from it inflicts extra damage upon your enemies.
   rPois:     It protects you from poison.
 p - the +4 rapier of Deflation (weapon) {venom, Int+5 Dex+3}
   (You acquired it in the Dungeon)

   It poisons the flesh of those it strikes.
   Int:       It affects your intelligence (+5).
   Dex:       It affects your dexterity (+3).
 q - a +3 quarterstaff of draining
 r - a +1 dagger of protection
Missiles
 d - 8 poisoned darts (quivered)
 e - 2 curare-tipped darts
 t - 16 stones
Armour
 b - a +0 robe (worn)
 c - a +0 cloak (worn)
Jewellery
 l - the amulet of invisibility (around neck) {+Inv}
   (You found it in the Dungeon)

   [amulet of nothing]

   +Inv:      It lets you turn invisible.
Scrolls
 k - 3 scrolls of blinking
 m - 5 scrolls of identify
 s - 2 scrolls of magic mapping
Potions
 f - a potion of curing
 g - a potion of heal wounds
 h - a potion of haste
 i - 2 potions of magic
 o - 2 potions of might


   Skills:
 * Level 6.6 Fighting
 + Level 6.5 Short Blades
 + Level 3.3 Throwing
 * Level 10.2 Dodging
 * Level 23.1 Stealth
 * Level 7.9 Spellcasting
 * Level 7.8 Hexes
 * Level 12.1 Evocations


You had 19 spell levels left.
You knew the following spells:

 Your Spells              Type           Power      Damage    Failure   Level
a - Slow                  Hex            37%        N/A       1%          2
b - Confusing Touch       Hex            37%        N/A       1%          3

Your spell library contained the following spells:

 Spells                   Type           Power      Damage    Failure   Level
 Beastly Appendage        Tmut           14%        N/A       10%         1
 Wereblood                Tmut           7%         N/A       14%         2
 Conjure Flame            Conj/Fire      7%         6-21      28%         3
 Ignite Poison            Fire/Tmut/Pois 7%         N/A       28%         3
 Spider Form              Tmut/Pois      3%         N/A       28%         3
 Yara's Violent Unravell  Hex/Tmut       11%        3d6       45%         5
 Sticky Flame             Conj/Fire      7%         2d3       67%         4


Dungeon Overview and Level Annotations

Branches:
Dungeon (1/1)

Altars:
Cheibriados
Dithmenos
Elyvilon
Gozag
Hepliaklqana
Kikubaaqudgha
Makhleb
Nemelex Xobeh
Okawaru
Qazlal
Ru
Sif Muna
Trog
Uskayaw
Vehumet
Wu Jian
Xom
Yredelemnul
Zin
The Shining One
Beogh
Jiyva
Lugonu

Shops:
D ?:*?[


Innate Abilities, Weirdness & Mutations

You are very small and have problems with some larger weapons.
You are too small for most types of armour.
You have supernaturally acute eyesight. (SInv)
You cover ground extremely quickly. (Speed+++)


Message History

The spriggan closely misses you.
A red film seems to cover your vision as you go berserk!
You feel yourself moving faster!
You feel mighty! The spriggan rider misses you. The spriggan misses you.
You puncture the spriggan!
You kill the spriggan!
Your Evocations skill increases to level 12!
You impale the spriggan!!
The spriggan looks as sick as possible!
The spriggan is almost dead.
The spriggan rider hits you from afar with a +0 spear!
The spriggan hits you with a +0 rapier.
* * * LOW HITPOINT WARNING * * *
You barely miss the spriggan.
The spriggan is almost dead.
The spriggan rider completely misses you.
You miss the spriggan.
The spriggan is almost dead.
You kill the spriggan!
The spriggan rider hits you with a +0 spear!
* * * LOW HITPOINT WARNING * * *
There is an open door, spattered with blood here.
Items here: $ )) [[.
You hit the spriggan rider.
The spriggan rider is poisoned.
The spriggan rider is lightly wounded.
You puncture the spriggan rider!
The spriggan rider looks as sick as possible!
The spriggan rider is moderately wounded.
The spriggan rider hits you but does no damage.
You hit the spriggan rider.
The spriggan rider is moderately wounded.
You puncture the spriggan rider!
The spriggan rider is severely wounded.
The spriggan rider misses you.
You miss the spriggan rider.
The spriggan rider is severely wounded.
You completely miss the spriggan rider.
The spriggan rider is severely wounded.
The spriggan rider hits you with a +0 spear!!
You die...
Your body crumbles into a pile of gold.

###################***
.⌠.#.['.))#....##∩#*,*
_..'..#...#....'[.#*+*
...#..###'##..(##∩#$$*###
_..#..##∩∩.'...####*,...#
.⌠.#################...∩#
########......###.....♣,*
##.'..'.......'.@i..♣,,∩*
#..#..#.P.....#######****
##.##+##.P....#
...#*,*########
####,,,,,****
**,,*,,*,,,,***
,,,*,,,,,,*,,,****
,,,,*,,,,,∩,∩,,,,*
******************


You could see a spriggan rider (extremely poisoned).

Vanquished Creatures
  A spriggan druid (D)
  6 oklob plants (D)
  A demonic crawler (D)
  3 burning bushes (D)
  3 wandering mushrooms (D)
  A queen bee (D)
  3 scorpions (D)
  4 killer bees (D)
  5 oklob saplings (D)
  4 spriggans (D)
  A river rat (D)
  A rat (D)
  A ballistomycete spore (D)
34 creatures vanquished.

Notes
Turn   | Place    | Note
-------+----------+-------------------------------------------
     0 | D        | styxcanada the Spriggan Brigand began the quest for the
                  | Orb.
     0 | D        | Reached XP level 1. HP: 10/10 MP: 2/2
     9 | D        | Reached skill level 8 in Stealth
     9 | D        | Reached XP level 2. HP: 15/15 MP: 3/3
    17 | D        | Noticed an oklob sapling
    19 | D        | Killed an oklob sapling
    20 | D        | Reached skill level 10 in Stealth
    20 | D        | Reached XP level 3. HP: 19/19 MP: 4/4
    21 | D        | Noticed a scorpion
    21 | D        | Found the amulet of invisibility {+Inv}
    23 | D        | Killed a scorpion
    24 | D        | Reached skill level 12 in Stealth
    24 | D        | Reached XP level 4. HP: 23/23 MP: 5/5
    45 | D        | Found an opulent altar of Gozag.
    45 | D        | Found a hazy altar of Hepliaklqana.
    45 | D        | Found a burning altar of Makhleb.
    45 | D        | Found a sparkling altar of Nemelex Xobeh.
    45 | D        | Found a snail-covered altar of Cheibriados.
    45 | D        | Found a sacrificial altar of Ru.
    45 | D        | Found a shimmering blue altar of Sif Muna.
    45 | D        | Found a shimmering altar of Xom.
    45 | D        | Found a basalt altar of Yredelemnul.
    46 | D        | Found a viscous altar of Jiyva.
    46 | D        | Found a bloodstained altar of Trog.
    46 | D        | Found an ornate altar of the Wu Jian Council.
    47 | D        | Found an iron altar of Okawaru.
    47 | D        | Found a shadowy altar of Dithmenos.
    47 | D        | Found a glowing silver altar of Zin.
    48 | D        | Found an ancient bone altar of Kikubaaqudgha.
    48 | D        | Found a hide-covered altar of Uskayaw.
    49 | D        | Found a stormy altar of Qazlal.
    49 | D        | Found a white marble altar of Elyvilon.
    49 | D        | Found a glowing golden altar of the Shining One.
    50 | D        | Became a worshipper of Gozag Ym Sagoz the Greedy
    51 | D        | Found a corrupted altar of Lugonu.
    51 | D        | Found a radiant altar of Vehumet.
    55 | D        | Reached skill level 13 in Stealth
    55 | D        | Reached XP level 5. HP: 28/28 MP: 3/6
   106 | D        | Reached skill level 14 in Stealth
   106 | D        | Reached skill level 1 in Evocations
   112 | D        | Reached skill level 5 in Dodging
   113 | D        | Reached skill level 15 in Stealth
   115 | D        | Reached XP level 6. HP: 33/33 MP: 5/7
   173 | D        | Found Oledgh's Book Shop.
   173 | D        | Found Gomotey's Magic Scroll Emporium.
   181 | D        | Bought a book of Misfortune for 286 gold pieces
   184 | D        | Learned a level 2 spell: Slow
   188 | D        | Learned a level 3 spell: Confusing Touch
   192 | D        | Noticed a burning bush
   192 | D        | Noticed a wandering mushroom
   193 | D        | Noticed a wandering mushroom
   196 | D        | Killed a burning bush
   197 | D        | Reached skill level 17 in Stealth
   197 | D        | Killed a wandering mushroom
   198 | D        | Reached skill level 18 in Stealth
   198 | D        | Reached skill level 5 in Evocations
   198 | D        | Reached XP level 7. HP: 38/38 MP: 5/13
   198 | D        | Killed a wandering mushroom
   212 | D        | Found Teverrac's Magic Scroll Emporium.
   212 | D        | Found Widghash's General Store.
   215 | D        | Identified the +10 hand crossbow of the Shallot {vorpal,
                  | rPois}
   218 | D        | Bought a scroll of identify for 28 gold pieces
   218 | D        | Bought 2 potions of might for 112 gold pieces
   220 | D        | Bought a scroll of identify for 22 gold pieces
   220 | D        | Bought a scroll of identify for 22 gold pieces
   220 | D        | Bought a scroll of identify for 22 gold pieces
   300 | D        | Reached skill level 19 in Stealth
   300 | D        | Reached XP level 8. HP: 42/42 MP: 12/15
   306 | D        | Noticed a queen bee
   313 | D        | Killed a queen bee
   314 | D        | Reached skill level 5 in Fighting
   319 | D        | Reached skill level 5 in Short Blades
   363 | D        | Noticed an oklob plant
   366 | D        | Killed an oklob plant
   367 | D        | Reached skill level 20 in Stealth
   367 | D        | Reached skill level 5 in Spellcasting
   367 | D        | Reached skill level 5 in Hexes
   433 | D        | Bought a scroll of acquirement for 572 gold pieces
   433 | D        | Acquired the +4 rapier of Deflation {venom, Int+5 Dex+3}
   434 | D        | Acquired 942 gold pieces
   488 | D        | Noticed a burning bush
   501 | D        | Killed a burning bush
   502 | D        | Reached XP level 9. HP: 8/47 MP: 18/18
   769 | D        | Noticed a burning bush
   769 | D        | Noticed an oklob plant
   770 | D        | Noticed a wandering mushroom
   792 | D        | Killed a burning bush
   793 | D        | Reached skill level 21 in Stealth
  1013 | D        | Killed an oklob plant
  1017 | D        | Killed a wandering mushroom
  1018 | D        | Reached skill level 10 in Evocations
  1083 | D        | Noticed a spriggan druid
  1085 | D        | Killed a spriggan druid
  1086 | D        | Reached skill level 22 in Stealth
  1163 | D        | Noticed an oklob plant conjurer
  1164 | D        | Killed an oklob plant conjurer
  1263 | D        | Noticed an oklob plant
  1263 | D        | Noticed an oklob plant summoner
  1264 | D        | Noticed an oklob plant shifter
  1268 | D        | Killed an oklob plant
  1269 | D        | Reached XP level 10. HP: 53/53 MP: 19/22
  1270 | D        | Killed an oklob plant summoner
  1273 | D        | Killed an oklob plant shifter
  1274 | D        | Reached skill level 10 in Dodging
  1341 | D        | Reached skill level 23 in Stealth
  1343 | D        | Noticed a spriggan rider
  1344 | D        | Found Basuc's Antique Armour Emporium.
  1363 | D        | Slain by a spriggan rider

Illustrated notes

Levels and vault maps discovered:
D:        dungeon_sprint_fedhas [sprint_temple]

Skill      XL: |  1  2  3  4  5  6  7  8  9 10 |
---------------+-------------------------------+-----
Fighting       | 2 3 4 5 6 |  6.6
Dodging        | 2 3 4 5 7 8 9 10 | 10.2
Stealth        | 8 10 12 13 15 18 19 20 22 23 | 23.1
Short Blades   | 3 4 5 6 |  6.5
Evocations     | 1 5 6 8 11 12 | 12.1
Throwing       | 3 |  3.3
Spellcasting   | 3 4 5 7 |  7.9
Hexes          | 3 4 5 7 |  7.8

Action                   |  1- 3 |  4- 6 |  7- 9 | 10-12 || total
-------------------------+-------+-------+-------+-------++-------
Melee: Dagger            |     5 |     7 |    12 |       ||    24
       Rapier            |       |       |    26 |    17 ||    43
 Abil: Evoke Invisibilit |       |     4 |     8 |     1 ||    13
  Use: Scroll            |       |       |     2 |     2 ||     4
       Potion            |       |       |       |     1 ||     1
 Stab: Sleeping          |     3 |     7 |    16 |     3 ||    29
Armor: Robe              |       |       |       |     1 ||     1
Dodge: Dodged            |     3 |       |       |     8 ||    11
